Workbook

Sheet Приложение 1
O1: Приложение 1 к постановлению
K2: ПРОЕКТ | N2: Администрации Одинцовского городского округа Московской области от ___________________№___________
N3: Приложение к постановлению
G4: ПРОЕКТ | N4: Администрации Одинцовского городского округа Московской области от ___________________№___________
A5: "Приложение 1 к муниципальной программе
A6: ПЕРЕЧЕНЬ МЕРОПРИЯТИЙ МУНИЦИПАЛЬНОЙ ПРОГРАММЫ ОДИНЦОВСКОГО ГОРОДСКОГО ОКРУГА МОСКОВСКОЙ ОБЛАСТИ
A7: «Развитие инженерной инфраструктуры и энергоэффективности»
A9: N п/п | B9: Мероприятие подпрограммы | C9: Срок исполнения мероприятия | D9: Источники финансирования | E9: Всего (тыс. руб.) | F9: Объем финансирования по годам (тыс. руб.) | O9: Ответственный за выполнение мероприятия программы
F10: 2026 год | K10: 2027 год | L10: 2028 год | M10: 2029 год | N10: 2030 год
A11: 1 | B11: 2 | C11: 3 | D11: 4 | E11: 5 | F11: 8 | K11: 6 | L11: 7 | M11: 8 | N11: 10 | O11: 11
A12: Подпрограмма 1 «Чистая вода»
A13: 1. | B13: Основное мероприятие 02. Строительство, реконструкция, капитальный ремонт, приобретение, монтаж и ввод в эксплуатацию объектов водоснабжения на территории муниципальных образований Московской области | C13: 2026-2030 | D13: Итого | E13: =F13+K13+L13+M13+N13 -> 4450250.4 | F13: =F14+F15+F16 -> 403088.74 | K13: =SUM(K14:K15) -> 1628883.6 | L13: =SUM(L14:L15) -> 2156633.3 | M13: =SUM(M14:M15) -> 260644.82 | N13: =SUM(N14:N15) -> 1000
D14: Средства бюджета Московской области | E14: =F14+K14+L14+M14+N14 -> 2779613.6 | F14: =F18+F24+F31+F37 -> 290515.64 | K14: =K18+K24+K31+K37 -> 985569.26 | L14: =L18+L24+L31 -> 1342029.6 | M14: =M18+M24+M31 -> 161499.08 | N14: =N18+N24+N31 -> 0
D15: Средства бюджета Одинцовского городского округа | E15: =F15+K15+L15+M15+N15 -> 1670636.8 | F15: =F19+F25+F32+F43+F38 -> 112573.1 | K15: =K19+K25+K32+K38+K43 -> 643314.29 | L15: =L19+L25+L32 -> 814603.68 | M15: =M19+M25+M32 -> 99145.74 | N15: =N19+N25+N32 -> 1000
D16: Внебюджетные источники | E16: =F16+K16+L16+M16 -> 0 | F16: =F26 -> 0 | K16: =K26 -> 0 | L16: =L26 -> 0 | M16: =M26 -> 0 | N16: =N26 -> 0
A17: 1.1. | B17: Мероприятие 02.01. Строительство и реконструкция объектов водоснабжения муниципальной собственности | C17: 2026-2030 | D17: Итого | E17: =F17+K17+L17+M17+N17 -> 3646601 | F17: ='Строительство и реконструкция'!L74 -> 219046.8 | K17: ='Строительство и реконструкция'!M74 -> 1012276.1 | L17: ='Строительство и реконструкция'!N74 -> 2155633.3 | M17: ='Строительство и реконструкция'!O74 -> 259644.82 | N17: ='Строительство и реконструкция'!P74 -> 0 | O17: Управление по строительству и модернизации объектов инженерной инфраструктуры, Территориальные управления Администрации Одинцовского городского округа (приложение 5 к муниципальной программе)
D18: Средства бюджета Московской области | E18: =F18+K18+L18+M18+N18 -> 2281644.2 | F18: ='Строительство и реконструкция'!L75 -> 141311.43 | K18: ='Строительство и реконструкция'!M75 -> 636804.14 | L18: ='Строительство и реконструкция'!N75 -> 1342029.6 | M18: ='Строительство и реконструкция'!O75 -> 161499.08 | N18: ='Строительство и реконструкция'!P75 -> 0
D19: Средства бюджета Одинцовского городского округа | E19: =F19+K19+L19+M19+N19 -> 1364956.8 | F19: ='Строительство и реконструкция'!L76 -> 77735.37 | K19: ='Строительство и реконструкция'!M76 -> 375471.98 | L19: ='Строительство и реконструкция'!N76 -> 813603.68 | M19: ='Строительство и реконструкция'!O76 -> 98145.74 | N19: ='Строительство и реконструкция'!P76 -> 0
B20: Построены и реконструированы объекты водоснабжения муниципальной собственности, ед. | C20: Х | D20: Х | E20: Всего: | F20: Итого 2026 год | G20: В том числе: | K20: 2027 год | L20: 2028 год | M20: 2029 год | N20: 2030 год
G21: 1 квартал | H21: 1 полугодие | I21: 9 месяцев | J21: 12 месяцев
E22: =F22+K22+L22+M22+N22 -> 20 | F22: =J22 -> 1 | G22: 0 | H22: 1 | I22: 1 | J22: 1 | K22: 2 | L22: 16 | M22: 1 | N22: 0
A23: 1.2. | B23: Мероприятие 02.02. Капитальный ремонт, приобретение, монтаж и ввод в эксплуатацию объектов водоснабжения муниципальной собственности | C23: 2026-2030 | D23: Итого | E23: =F23+K23+L23+M23+N23 -> 738757.57 | F23: =F24+F25+F26 -> 178041.94 | K23: ='Строительство и реконструкция'!M96 -> 560715.63 | L23: ='Строительство и реконструкция'!N96 -> 0 | M23: ='Строительство и реконструкция'!O96 -> 0 | N23: ='Строительство и реконструкция'!P96 -> 0 | O23: Управление по строительству и модернизации объектов инженерной инфраструктуры (приложение 5 к муниципальной программе)
D24: Средства бюджета Московской области | E24: =F24+K24+L24+M24+N24 -> 497969.33 | F24: ='Строительство и реконструкция'!L97 -> 149204.21 | K24: ='Строительство и реконструкция'!M97 -> 348765.12 | L24: ='Строительство и реконструкция'!N97 -> 0 | M24: ='Строительство и реконструкция'!O97 -> 0 | N24: ='Строительство и реконструкция'!P97 -> 0
D25: Средства бюджета Одинцовского городского округа | E25: =F25+K25+L25+M25+N25 -> 240788.24 | F25: ='Строительство и реконструкция'!L98 -> 28837.73 | K25: ='Строительство и реконструкция'!M98 -> 211950.51 | L25: ='Строительство и реконструкция'!N98 -> 0 | M25: ='Строительство и реконструкция'!O98 -> 0 | N25: ='Строительство и реконструкция'!P98 -> 0
D26: Внебюджетные источники | E26: =F26+K26+L26+M26+N26 -> 0 | F26: 0 | K26: 0 | L26: 0 | M26: 0 | N26: 0
B27: Приобретено и введено в эксплуатацию, капитально отремонтировано объектов водоснабжения муниципальной собственности, ед. | C27: Х | D27: Х | E27: Всего: | F27: Итого 2026 год | G27: В том числе: | K27: 2027 год | L27: 2028 год | M27: 2029 год | N27: 2030 год
G28: 1 квартал | H28: 1 полугодие | I28: 9 месяцев | J28: 12 месяцев
E29: =F29+K29+L29+M29+N29 -> 6 | F29: =G29+H29+J29 -> 1 | G29: 0 | H29: 0 | I29: 0 | J29: 1 | K29: 5 | L29: 0 | M29: 0 | N29: 0
A30: 1.3. | B30: Мероприятие 02.06. Содержание и ремонт шахтных колодцев | C30: 2026-2030 | D30: Итого: | E30: =F30+K30+L30+M30+N30 -> 5000 | F30: =F31+F32 -> 1000 | K30: =K31+K32 -> 1000 | L30: =L31+L32 -> 1000 | M30: =M31+M32 -> 1000 | N30: =N31+N32 -> 1000 | O30: Управление жилищно-коммунального хозяйства, Территориальные управления Администрации Одинцовского городского округа
D31: Средства бюджета Московской области | E31: =F31+K31+L31+M31+N31 -> 0 | F31: 0 | K31: 0 | L31: 0 | M31: 0 | N31: 0
D32: Средства бюджета Одинцовского городского округа | E32: =F32+K32+L32+M32+N32 -> 5000 | F32: 1000 | K32: 1000 | L32: 1000 | M32: 1000 | N32: 1000
B33: Количество отремонтированных шахтных колодцев, ед. | C33: Х | D33: Х | E33: Всего: | F33: Итого 2026 год | G33: В том числе: | K33: 2027 год | L33: 2028 год | M33: 2029 год | N33: 2030 год
G34: 1 квартал | H34: 1 полугодие | I34: 9 месяцев | J34: 12 месяцев
E35: =F35+K35+L35+M35+N35 -> 100 | F35: 20 | G35: 0 | H35: 0 | I35: 0 | J35: 20 | K35: 20 | L35: 20 | M35: 20 | N35: 20
A36: 1.4. | B36: Мероприятие 02.08 ‒ Аварийно-восстановительные работы на объектах и (или) сетях водоснабжения муниципальной собственности | C36: 2026-2030 | D36: Итого: | E36: =F36+K36+L36+M36+N36 -> 0 | F36: =F37+F38 -> 0 | K36: =K37+K38 -> 0 | L36: =L37+L38 -> 0 | M36: =M37+M38 -> 0 | N36: =N37+N38 -> 0 | O36: Управление жилищно-коммунального хозяйства
D37: Средства бюджета Московской области | E37: =F37+K37+L37+M37+N37 -> 0 | F37: 0 | K37: 0 | L37: 0 | M37: 0 | N37: 0
D38: Средства бюджета Одинцовского городского округа | E38: =F38+K38+L38+M38+N38 -> 0 | F38: 0 | K38: 0 | L38: 0 | M38: 0 | N38: 0
B39: Выполнены аварийно-восстановительные работы на объектах и (или) участках сетей водоснабжения, ед. | C39: Х | D39: Х | E39: Всего: | F39: Итого 2026 год | G39: В том числе: | K39: 2027 год | L39: 2028 год | M39: 2029 год | N39: 2030 год
G40: 1 квартал | H40: 1 полугодие | I40: 9 месяцев | J40: 12 месяцев
E41: =F41+K41+L41+M41+N41 -> 0 | F41: 0 | G41: 0 | H41: 0 | I41: 0 | J41: 0 | K41: 0 | L41: 0 | M41: 0 | N41: 0
A42: 1.5. | B42: Мероприятие 02.12 ‒Строительство и реконструкция объектов водоснабжения муниципальной собственности за счет средств местного бюджета | C42: 2026-2030 | D42: Итого: | E42: ='Строительство и реконструкция'!K102 -> 59891.803 | F42: ='Строительство и реконструкция'!L102 -> 5000 | K42: ='Строительство и реконструкция'!M102 -> 54891.803 | L42: ='Строительство и реконструкция'!N102 -> 0 | M42: ='Строительство и реконструкция'!O102 -> 0 | N42: ='Строительство и реконструкция'!P102 -> 0 | O42: Управление по строительству и модернизации объектов инженерной инфраструктуры (приложение 5 к муниципальной программе)
D43: Средства бюджета Одинцовского городского округа | E43: ='Строительство и реконструкция'!K103 -> 59891.803 | F43: ='Строительство и реконструкция'!L103 -> 5000 | K43: ='Строительство и реконструкция'!M103 -> 54891.803 | L43: ='Строительство и реконструкция'!N103 -> 0 | M43: ='Строительство и реконструкция'!O103 -> 0 | N43: ='Строительство и реконструкция'!P103 -> 0
B44: Построены и реконструированы объекты водоснабжения за счет средств местного бюджета, ед. | C44: Х | D44: Х | E44: Всего: | F44: Итого 2026 год | G44: В том числе: | K44: 2027 год | L44: 2028 год | M44: 2029 год | N44: 2030 год
G45: 1 квартал | H45: 1 полугодие | I45: 9 месяцев | J45: 12 месяцев
E46: =F46+K46+L46+M46+N46 -> 1 | F46: 0 | G46: 0 | H46: 0 | I46: 0 | J46: 0 | K46: 1 | L46: 0 | M46: 0 | N46: 0
B47: ИТОГО по подпрограмме 1 «Чистая вода» | D47: ИТОГО | E47: =F47+K47+L47+M47+N47 -> 4450250.4 | F47: =SUM(F48:F50) -> 403088.74 | K47: =SUM(K48:K50) -> 1628883.6 | L47: =SUM(L48:L50) -> 2156633.3 | M47: =SUM(M48:M50) -> 260644.82 | N47: =SUM(N48:N50) -> 1000
D48: Средства бюджета Московской области | E48: =F48+K48+L48+M48+N48 -> 2779613.6 | F48: =F14 -> 290515.64 | K48: =K14 -> 985569.26 | L48: =L14 -> 1342029.6 | M48: =M14 -> 161499.08 | N48: =N14 -> 0
D49: Средства бюджета Одинцовского городского округа | E49: =F49+K49+L49+M49+N49 -> 1670636.8 | F49: =F15 -> 112573.1 | K49: =K15 -> 643314.29 | L49: =L15 -> 814603.68 | M49: =M15 -> 99145.74 | N49: =N15 -> 1000
D50: Внебюджетные источники | E50: =F50+K50+L50+M50+N50 -> 0 | F50: 0 | K50: 0 | L50: 0 | M50: 0 | N50: 0
A51: Подпрограмма 2 «Системы водоотведения»
A52: 1. | B52: Основное мероприятие 01. Строительство, реконструкция (модернизация), капитальный ремонт, приобретение, монтаж и ввод в эксплуатацию объектов очистки сточных вод на территории муниципальных образований Московской области | C52: 2026-2030 | D52: Итого | E52: =F52+K52+L52+M52+N52 -> 3726867.8 | F52: =F55+F54+F53 -> 1898800.2 | K52: =K55+K54+K53 -> 1733385.7 | L52: =L55+L54+L53 -> 94681.95 | M52: =M55+M54+M53 -> 0 | N52: =N55+N54+N53 -> 0
D53: Средства федерального бюджета | E53: =F53+K53+L53+M53+N53 -> 0 | F53: =F74 -> 0 | K53: =K74 -> 0 | L53: =L74 -> 0 | M53: =M74 -> 0 | N53: =N74 -> 0
D54: Средства бюджета Московской области | E54: =F54+K54+L54+M54+N54 -> 2911055 | F54: =F57+F75+F63 -> 1550616.5 | K54: =K57+K75 -> 1301262.3 | L54: =L57+L75 -> 59176.21 | M54: =M57+M75 -> 0 | N54: =N57+N75 -> 0
D55: Средства бюджета Одинцовского городского округа | E55: =F55+K55+L55+M55+N55 -> 815812.77 | F55: =F58+F76+F64+F81+F69+F86 -> 348183.7 | K55: =+K58+K64+K76+K69+K81+K86 -> 432123.33 | L55: =+L58+L64+L76 -> 35505.74 | M55: =+M58+M64+M76 -> 0 | N55: =+N58+N64 -> 0
A56: 1.1. | B56: Мероприятие 01.01. Строительство и реконструкция объектов очистки сточных вод муниципальной собственности | C56: 2026-2030 | D56: Итого | E56: =F56+K56+L56+M56+N56 -> 1198134.5 | F56: ='Строительство и реконструкция'!L118 -> 524212.9 | K56: ='Строительство и реконструкция'!M118 -> 579239.62 | L56: ='Строительство и реконструкция'!N118 -> 94681.95 | M56: ='Строительство и реконструкция'!O118 -> 0 | N56: ='Строительство и реконструкция'!P118 -> 0 | O56: Управление по строительству и модернизации объектов инженерной инфраструктуры (приложение 5 к муниципальной программе)
D57: Средства бюджета Московской области | E57: =F57+K57+L57+M57+N57 -> 788945.52 | F57: ='Строительство и реконструкция'!L119 -> 328506.98 | K57: ='Строительство и реконструкция'!M119 -> 401262.33 | L57: ='Строительство и реконструкция'!N119 -> 59176.21 | M57: ='Строительство и реконструкция'!O119 -> 0 | N57: ='Строительство и реконструкция'!P119 -> 0
D58: Средства бюджета Одинцовского городского округа | E58: =F58+K58+L58+M58+N58 -> 409188.95 | F58: ='Строительство и реконструкция'!L120 -> 195705.92 | K58: ='Строительство и реконструкция'!M120 -> 177977.29 | L58: ='Строительство и реконструкция'!N120 -> 35505.74 | M58: ='Строительство и реконструкция'!O120 -> 0 | N58: ='Строительство и реконструкция'!P120 -> 0
B59: Построены и реконструированы объекты очистки сточных вод муниципальной собственности, ед. | C59: Х | D59: Х | E59: Всего: | F59: Итого 2026 год | G59: В том числе: | K59: 2027 год | L59: 2028 год | M59: 2029 год | N59: 2030 год
G60: 1 квартал | H60: 1 полугодие | I60: 9 месяцев | J60: 12 месяцев
E61: =F61+K61+L61+M61+N61 -> 3 | F61: =G61+H61+I61+J61 -> 0 | G61: 0 | H61: 0 | I61: 0 | J61: 0 | K61: 2 | L61: 1 | M61: 0 | N61: 0
A62: 1.2. | B62: Мероприятие 01.02 – Капитальный ремонт, приобретение, монтаж и ввод в эксплуатацию объектов очистки сточных вод муниципальной собственности | C62: 2026-2030 | D62: Итого | E62: ='Капитальный ремонт'!E14 -> 212000 | F62: ='Капитальный ремонт'!F14 -> 212000 | K62: ='Капитальный ремонт'!G14 -> 0 | L62: ='Капитальный ремонт'!H14 -> 0 | M62: ='Капитальный ремонт'!I14 -> 0 | N62: ='Капитальный ремонт'!J14 -> 0 | O62: Управление по строительству и модернизации объектов инженерной инфраструктуры (приложение 6 к муниципальной программе)
D63: Средства бюджета Московской области | E63: ='Капитальный ремонт'!E15 -> 131864 | F63: ='Капитальный ремонт'!F15 -> 131864 | K63: ='Капитальный ремонт'!G15 -> 0 | L63: ='Капитальный ремонт'!H15 -> 0 | M63: ='Капитальный ремонт'!I15 -> 0 | N63: ='Капитальный ремонт'!J15 -> 0
D64: Средства бюджета Одинцовского городского округа | E64: ='Капитальный ремонт'!E16 -> 80136 | F64: ='Капитальный ремонт'!F16 -> 80136 | K64: ='Капитальный ремонт'!G16 -> 0 | L64: ='Капитальный ремонт'!H16 -> 0 | M64: ='Капитальный ремонт'!I16 -> 0 | N64: ='Капитальный ремонт'!J16 -> 0
B65: Приобретено и введено в эксплуатацию, капитально отремонтированы объекты очистки сточных вод, ед. | C65: Х | D65: Х | E65: Всего: | F65: Итого 2026 год | G65: В том числе: | K65: 2027 год | L65: 2028 год | M65: 2029 год | N65: 2030 год
G66: 1 квартал | H66: 1 полугодие | I66: 9 месяцев | J66: 12 месяцев
E67: =F67+K67+L67+M67+N67 -> 1 | F67: 1 | G67: 0 | H67: 0 | I67: 0 | J67: 1 | K67: 0 | L67: 0 | M67: 0 | N67: 0
A68: 1.3. | B68: Мероприятие 01.03 - Организация в границах муниципального образования водоотведения | C68: 2026-2030 | D68: Итого | E68: =F68+K68+L68+M68+N68 -> 8490 | F68: =F69 -> 8490 | K68: ='Капитальный ремонт'!G72 -> 0 | L68: ='Капитальный ремонт'!H72 -> 0 | M68: ='Капитальный ремонт'!I72 -> 0 | N68: ='Капитальный ремонт'!J72 -> 0 | O68: Управление по строительству и модернизации объектов инженерной инфраструктуры
D69: Средства бюджета Одинцовского городского округа | E69: =F69+K69+L69+M69+N69 -> 8490 | F69: =8000+490 -> 8490 | K69: ='Капитальный ремонт'!G74 -> 0 | L69: ='Капитальный ремонт'!H74 -> 0 | M69: ='Капитальный ремонт'!I74 -> 0 | N69: ='Капитальный ремонт'!J74 -> 0
B70: Количество разработанных проектно-сметных документаций на выполнение работ по строительству и реконструкции объектов водоотведения, ед. | C70: Х | D70: Х | E70: Всего: | F70: Итого 2026 год | G70: В том числе: | K70: 2027 год | L70: 2028 год | M70: 2029 год | N70: 2030 год
G71: 1 квартал | H71: 1 полугодие | I71: 9 месяцев | J71: 12 месяцев
E72: =F72+K72+L72+M72+N72 -> 1 | F72: 1 | G72: 0 | H72: 0 | I72: 0 | J72: 1 | K72: 0 | L72: 0 | M72: 0 | N72: 0
A73: 1.4. | B73: Мероприятие 01.05. Капитальные вложения в объекты государственной (муниципальной) собственности субъектов Российской Федерации и (или) реализация мероприятий, не относящихся к капитальным вложениям в объекты государственной (муниципальной) собственности субъектов Российской Федерации | C73: 2026-2030 | D73: Итого | E73: =F73+K73+L73+M73+N73 -> 2010351.2 | F73: ='Строительство и реконструкция'!L126 -> 1101259.3 | K73: ='Строительство и реконструкция'!M126 -> 909091.92 | L73: ='Строительство и реконструкция'!N126 -> 0 | M73: ='Строительство и реконструкция'!O126 -> 0 | N73: ='Строительство и реконструкция'!P126 -> 0 | O73: Управление по строительству и модернизации объектов инженерной инфраструктуры (приложение 5 к муниципальной программе)
D74: Средства федерального бюджета | E74: =F74+K74+L74+M74+N74 -> 0 | F74: ='Строительство и реконструкция'!L127 -> 0 | K74: ='Строительство и реконструкция'!M127 -> 0 | L74: ='Строительство и реконструкция'!N127 -> 0 | M74: ='Строительство и реконструкция'!O127 -> 0 | N74: ='Строительство и реконструкция'!P127 -> 0
D75: Средства бюджета Московской области | E75: =F75+K75+L75+M75+N75 -> 1990245.5 | F75: ='Строительство и реконструкция'!L128 -> 1090245.5 | K75: ='Строительство и реконструкция'!M128 -> 900000 | L75: ='Строительство и реконструкция'!N128 -> 0 | M75: ='Строительство и реконструкция'!O128 -> 0 | N75: ='Строительство и реконструкция'!P128 -> 0
D76: Средства бюджета Одинцовского городского округа | E76: =F76+K76+L76+M76+N76 -> 20105.7 | F76: ='Строительство и реконструкция'!L129 -> 11013.78 | K76: ='Строительство и реконструкция'!M129 -> 9091.92 | L76: ='Строительство и реконструкция'!N129 -> 0 | M76: ='Строительство и реконструкция'!O129 -> 0 | N76: ='Строительство и реконструкция'!P129 -> 0
B77: Завершено строительство объектов инфраструктуры, ед. | C77: Х | D77: Х | E77: Всего: | F77: Итого 2026 год | G77: В том числе: | K77: 2027 год | L77: 2028 год | M77: 2029 год | N77: 2030 год
G78: 1 квартал | H78: 1 полугодие | I78: 9 месяцев | J78: 12 месяцев
E79: =F79+K79+L79+M79+N79 -> 1 | F79: 0 | G79: 0 | H79: 0 | I79: 0 | J79: 0 | K79: 1 | L79: 0 | M79: 0 | N79: 0
A80: 1.5. | B80: Мероприятие 01.13. Капитальный ремонт, приобретение, монтаж и ввод в эксплуатацию объектов очистки сточных вод муниципальной собственности за счет средств местного бюджета | C80: 2026-2030 | D80: Итого | E80: ='Капитальный ремонт'!E21 -> 47838 | F80: ='Капитальный ремонт'!F21 -> 47838 | K80: ='Капитальный ремонт'!G34 -> 0 | L80: ='Капитальный ремонт'!H34 -> 0 | M80: ='Капитальный ремонт'!I34 -> 0 | N80: ='Капитальный ремонт'!J34 -> 0 | O80: Управление по строительству и модернизации объектов инженерной инфраструктуры (приложение 6 к муниципальной программе)
D81: Средства бюджета Одинцовского городского округа | E81: ='Капитальный ремонт'!E22 -> 47838 | F81: ='Капитальный ремонт'!F22 -> 47838 | K81: ='Капитальный ремонт'!G36 -> 0 | L81: ='Капитальный ремонт'!H36 -> 0 | M81: ='Капитальный ремонт'!I36 -> 0 | N81: ='Капитальный ремонт'!J36 -> 0
B82: Приобретено и введено в эксплуатацию, капитально отремонтированы объекты очистки сточных вод за счет средств местного бюджета, ед. | C82: Х | D82: Х | E82: Всего: | F82: Итого 2026 год | G82: В том числе: | K82: 2027 год | L82: 2028 год | M82: 2029 год | N82: 2030 год
G83: 1 квартал | H83: 1 полугодие | I83: 9 месяцев | J83: 12 месяцев
E84: =F84+K84+L84+M84+N84 -> 1 | F84: 1 | G84: 0 | H84: 0 | I84: 0 | J84: 1 | K84: 0 | L84: 0 | M84: 0 | N84: 0
A85: 1.6. | B85: Мероприятие 01.14. Капитальные вложения в объекты государственной (муниципальной) собственности субъектов Российской Федерации и (или) реализация мероприятий, не относящихся к капитальным вложениям в объекты государственной (муниципальной) собственности субъектов Российской Федерации за счет средств местного бюджета | C85: 2026-2030 | D85: Итого | E85: =F85+K85+L85+M85+N85 -> 250054.12 | F85: ='Строительство и реконструкция'!L133 -> 5000 | K85: ='Строительство и реконструкция'!M133 -> 245054.12 | L85: ='Строительство и реконструкция'!N133 -> 0 | M85: ='Строительство и реконструкция'!O133 -> 0 | N85: ='Строительство и реконструкция'!P133 -> 0 | O85: Управление по строительству и модернизации объектов инженерной инфраструктуры (приложение 5 к муниципальной программе)
D86: Средства бюджета Одинцовского городского округа | E86: =F86+K86+L86+M86+N86 -> 250054.12 | F86: ='Строительство и реконструкция'!L134 -> 5000 | K86: ='Строительство и реконструкция'!M134 -> 245054.12 | L86: ='Строительство и реконструкция'!N134 -> 0 | M86: ='Строительство и реконструкция'!O134 -> 0 | N86: ='Строительство и реконструкция'!P134 -> 0
B87: Завершено строительство объектов инфраструктуры, ед. | C87: Х | D87: Х | E87: Всего: | F87: Итого 2026 год | G87: В том числе: | K87: 2027 год | L87: 2028 год | M87: 2029 год | N87: 2030 год
G88: 1 квартал | H88: 1 полугодие | I88: 9 месяцев | J88: 12 месяцев
E89: =F89+K89+L89+M89+N89 -> 1 | F89: 0 | G89: 0 | H89: 0 | I89: 0 | J89: 0 | K89: 1 | L89: 0 | M89: 0 | N89: 0
A90: 2. | B90: Основное мероприятие 02. Строительство (реконструкция), капитальный ремонт канализационных коллекторов (участков) и канализационных насосных станций на территории муниципальных образований Московской области | C90: 2026-2030 | D90: Итого | E90: =F90+K90+L90+M90+N90 -> 1059134.3 | F90: =SUM(F91:F93) -> 59000 | G90: =SUM(G91:G93) -> 0 | H90: =SUM(H91:H93) -> 0 | I90: =SUM(I91:I93) -> 0 | J90: =SUM(J91:J93) -> 0 | K90: =SUM(K91:K93) -> 348355.2 | L90: =SUM(L91:L93) -> 519779.12 | M90: =SUM(M91:M93) -> 132000 | N90: =SUM(N91:N93) -> 0
D91: Средства бюджета Московской области | E91: =F91+K91+L91+M91+N91 -> 668395.06 | F91: =F95+F101 -> 36108 | G91: =G95+G101 -> 0 | H91: =H95+H101 -> 0 | I91: =I95+I101 -> 0 | J91: =J95+J101 -> 0 | K91: =K95+K101 -> 227643 | L91: =L95+L101 -> 322540.07 | M91: =M95+M101 -> 82103.99 | N91: =N95+N101 -> 0
D92: Средства бюджета Одинцовского городского округа | E92: =F92+K92+L92+M92+N92 -> 390739.26 | F92: =F96+F102 -> 22892 | G92: =G96+G102 -> 0 | H92: =H96+H102 -> 0 | I92: =I96+I102 -> 0 | J92: =J96+J102 -> 0 | K92: =K96+K102 -> 120712.2 | L92: =L96+L102 -> 197239.05 | M92: =M96+M102 -> 49896.01 | N92: =N96+N102 -> 0
D93: Внебюджетные источники | E93: =F93+K93+L93+M93+N93 -> 0 | F93: 0 | K93: 0 | L93: 0 | M93: 0 | N93: 0
A94: 2.1. | B94: Мероприятие 02.01. Строительство (реконструкция) канализационных коллекторов, канализационных насосных станций муниципальной собственности | C94: 2026-2030 | D94: Итого | E94: =F94+K94+L94+M94+N94 -> 1059134.3 | F94: ='Строительство и реконструкция'!L157 -> 59000 | K94: ='Строительство и реконструкция'!M157 -> 348355.2 | L94: ='Строительство и реконструкция'!N157 -> 519779.12 | M94: ='Строительство и реконструкция'!O157 -> 132000 | N94: ='Строительство и реконструкция'!P157 -> 0 | O94: Управление по строительству и модернизации объектов инженерной инфраструктуры (приложение 5 к муниципальной программе)
D95: Средства бюджета Московской области | E95: =F95+K95+L95+M95+N95 -> 668395.06 | F95: ='Строительство и реконструкция'!L158 -> 36108 | K95: ='Строительство и реконструкция'!M158 -> 227643 | L95: ='Строительство и реконструкция'!N158 -> 322540.07 | M95: ='Строительство и реконструкция'!O158 -> 82103.99 | N95: ='Строительство и реконструкция'!P158 -> 0
D96: Средства бюджета Одинцовского городского округа | E96: =F96+K96+L96+M96+N96 -> 390739.26 | F96: ='Строительство и реконструкция'!L159 -> 22892 | K96: ='Строительство и реконструкция'!M159 -> 120712.2 | L96: ='Строительство и реконструкция'!N159 -> 197239.05 | M96: ='Строительство и реконструкция'!O159 -> 49896.01 | N96: ='Строительство и реконструкция'!P159 -> 0
B97: Построены и реконструированы канализационные коллектора, канализационные насосные станции, ед. | C97: Х | D97: Х | E97: Всего: | F97: Итого 2026 год | G97: В том числе: | K97: 2027 год | L97: 2028 год | M97: 2029 год | N97: 2030 год
G98: 1 квартал | H98: 1 полугодие | I98: 9 месяцев | J98: 12 месяцев
E99: =F99+K99+L99+M99+N99 -> 7 | F99: 0 | G99: 0 | H99: 0 | I99: 0 | J99: 0 | K99: 0 | L99: 6 | M99: 1 | N99: 0
A100: 2.2. | B100: Мероприятие 02.02 – Капитальный ремонт, приобретение, монтаж и ввод в эксплуатацию канализационных коллекторов, канализационных (ливневых) насосных станций муниципальной собственности | C100: 2026-2030 | D100: Итого | E100: =F100+K100+L100+M100+N100 -> 0 | F100: =F101+F102 -> 0 | K100: =K101+K102 -> 0 | L100: =L101+L102 -> 0 | M100: =M101+M102 -> 0 | N100: =N101+N102 -> 0 | O100: Управление по строительству и модернизации объектов инженерной инфраструктуры
D101: Средства бюджета Московской области | E101: =F101+K101+L101+M101+N101 -> 0 | F101: 0 | K101: 0 | L101: 0 | M101: 0 | N101: 0
...

Sheet Строительство и реконструкция
J1: ПРОЕКТ | P1: Приложение 2 к постановлению
P2: Администрации Одинцовского городского округа Московской области от ______________________№____________
P3: Приложение 2 к постановлению
J4: ПРОЕКТ | P4: Администрации Одинцовского городского округа Московской области от ______________________№____________
R5: "Приложение 5
P6: к муниципальной программе
C7: АДРЕСНЫЙ ПЕРЕЧЕНЬ ПО СТРОИТЕЛЬСТВУ И РЕКОНСТРУКЦИИ ОБЪЕКТОВ МУНИЦИПАЛЬНОЙ СОБСТВЕННОСТИ ОДИНЦОВСКОГО ГОРОДСКОГО ОКРУГА МОСКОВСКОЙ ОБЛАСТИ, ФИНАНСИРОВАНИЕ КОТОРЫХ ПРЕДУСМОТРЕНО МУНИЦИПАЛЬНОЙ ПРОГРАММОЙ «Развитие инженерной инфраструктуры и энергоэффективности»
A9: № п/п | B9: Наименование объекта, сведения о регистрации права собственности | C9: Мощность/ прирост мощности объекта (кв. метр, погонный метр, место, койко-место и т.д.) | D9: Адрес объекта | E9: Направление инвестирования | F9: Сроки проведения работ по проектированию, строитнельству,/реконструкции объектов (дд.мм.гг-дд.мм.гг) | G9: Открытие объекта/завершение работ (дд.мм.гг) | H9: Предельная стоимость объекта (тыс.руб.) | I9: Профинансировано на 01.01.2026, тыс.руб. | J9: Источники финансирования | K9: Финансирование (тыс.руб.) | Q9: Остаток сметной стоимости до ввода в эксплуатацию, тыс.руб. | R9: Наименование главного распорядителя средств бюджета Одинцовского городского округа
K10: Всего | L10: 2026 год | M10: 2027 год | N10: 2028 год | O10: 2029 год | P10: 2030 год
A11: 1 | B11: 2 | C11: 3 | D11: 4 | E11: 5 | F11: 6 | G11: 7 | H11: 8 | I11: 9 | J11: 10 | K11: 11 | L11: 12 | M11: 13 | N11: 14 | O11: 15 | P11: 16 | Q11: 17 | R11: 18
A12: Подпрограмма 1 «Чистая вода»
A13: Мероприятие 02.01. Строительство и реконструкция объектов водоснабжения муниципальной собственности
A14: 1 | B14: Реконструкция ВЗУ с. Каринское, Одинцовский г.о. (в т.ч. ПИР) | C14: 600 куб.м/сутки | D14: Московская область, Одинцовский г.о., с. Каринское | E14: Реконструкция (в т.ч. проектные и изыскательские работы) | F14: 20.01.2022-31.05.2026 | G14: 46174 | H14: 141045.99 | I14: =I15+I16 -> 59559.483 | J14: Итого: | K14: =L14+M14+N14+O14+P14 -> 81196.73 | L14: =L15+L16 -> 81196.73 | M14: 0 | N14: 0 | O14: =O15+O16 -> 0 | P14: =P15+P16 -> 0 | Q14: 0 | R14: Администрация Одинцовского городского округа
I15: =5295.71844+600.48219+25349.99185+3905.96181 -> 35152.154 | J15: Средстава бюджета Московской области | K15: =L15+M15+N15+O15+P15 -> 47418.89 | L15: 47418.89 | M15: 0 | N15: 0 | O15: 0 | P15: 0 | Q15: 0
I16: =3177.43106+360.28931+18087.28+2782.32815 -> 24407.329 | J16: Средства бюджета Одинцовского городского округа | K16: =L16+M16+N16+O16+P16 -> 33777.84 | L16: 33777.84 | M16: 0 | N16: 0 | O16: 0 | P16: 0 | Q16: 0
A17: 2 | B17: Реконструкция ВЗУ №5, расположенного по адресу: Московская область, Одинцовский г.о., р.п. Большие Вяземы, ул. Институт, корпус Б | C17: 3840 куб.м/сутки | D17: Московской области, Одинцовский г.о., р.п. Большие Вяземы, ул. Институт, корпус Б | E17: Реконструкция | F17: 20.01.2028-29.11.2028 | G17: 47087 | H17: =K17 -> 127886.94 | I17: 0 | J17: Итого: | K17: =L17+M17+N17+O17+P17 -> 127886.94 | L17: 0 | M17: 0 | N17: =N18+N19 -> 127886.94 | O17: 0 | P17: 0 | Q17: 0 | R17: Администрация Одинцовского городского округа
I18: 0 | J18: Средстава бюджета Московской области | K18: =L18+M18+N18+O18+P18 -> 79545.67 | L18: 0 | M18: 0 | N18: 79545.67 | O18: 0 | P18: 0 | Q18: 0
I19: 0 | J19: Средства бюджета Одинцовского городского округа | K19: =L19+M19+N19+O19+P19 -> 48341.27 | L19: 0 | M19: 0 | N19: 48341.27 | O19: 0 | P19: 0 | Q19: 0
A20: 3 | B20: Реконструкция ВЗУ г. Кубинка Одинцовский городской округ | C20: 1200 куб.м/сутки | D20: Московской области, Одинцовский г.о., г. Кубинка | E20: Реконструкция | F20: 20.01.2028-29.11.2028 | G20: 47087 | H20: =K20 -> 17970.64 | I20: 0 | J20: Итого: | K20: =L20+M20+N20+O20+P20 -> 17970.64 | L20: 0 | M20: 0 | N20: =N21+N22 -> 17970.64 | O20: 0 | P20: 0 | Q20: 0 | R20: Администрация Одинцовского городского округа
I21: 0 | J21: Средстава бюджета Московской области | K21: =L21+M21+N21+O21+P21 -> 11177.73 | L21: 0 | M21: 0 | N21: 11177.73 | O21: 0 | P21: 0 | Q21: 0
I22: 0 | J22: Средства бюджета Одинцовского городского округа | K22: =L22+M22+N22+O22+P22 -> 6792.91 | L22: 0 | M22: 0 | N22: 6792.91 | O22: 0 | P22: 0 | Q22: 0
A23: 4 | B23: Реконструкция ВЗУ д. Дунино Одинцовский городской округ | C23: 412 куб.м/сутки | D23: Московской области, Одинцовский г.о., д. Дунино | E23: Реконструкция | F23: 20.01.2028-29.11.2028 | G23: 47087 | H23: =K23 -> 86166 | I23: 0 | J23: Итого: | K23: =L23+M23+N23+O23+P23 -> 86166 | L23: 0 | M23: 0 | N23: =N24+N25 -> 86166 | O23: 0 | P23: 0 | Q23: 0 | R23: Администрация Одинцовского городского округа
I24: 0 | J24: Средстава бюджета Московской области | K24: =L24+M24+N24+O24+P24 -> 53595.25 | L24: 0 | M24: 0 | N24: 53595.25 | O24: 0 | P24: 0 | Q24: 0
I25: 0 | J25: Средства бюджета Одинцовского городского округа | K25: =L25+M25+N25+O25+P25 -> 32570.75 | L25: 0 | M25: 0 | N25: 32570.75 | O25: 0 | P25: 0 | Q25: 0
A26: 5 | B26: Реконструкция ВЗУ-10 Одинцовский городской округ | C26: 4800 куб.м/сутки | D26: Московская область, г.Одинцово, ул. Сосновая | E26: Реконструкция | F26: 20.01.2028-29.11.2028 | G26: 47087 | H26: =K26 -> 135295 | I26: 0 | J26: Итого: | K26: =L26+M26+N26+O26+P26 -> 135295 | L26: 0 | M26: 0 | N26: =N27+N28 -> 135295 | O26: 0 | P26: 0 | Q26: 0 | R26: Администрация Одинцовского городского округа
I27: 0 | J27: Средстава бюджета Московской области | K27: =L27+M27+N27+O27+P27 -> 84153.49 | L27: 0 | M27: 0 | N27: 84153.49 | O27: 0 | P27: 0 | Q27: 0
I28: 0 | J28: Средства бюджета Одинцовского городского округа | K28: =L28+M28+N28+O28+P28 -> 51141.51 | L28: 0 | M28: 0 | N28: 51141.51 | O28: 0 | P28: 0 | Q28: 0
A29: 6 | B29: Реконструкция ВЗУ №6 Одинцовский городской округ | C29: 3900 куб.м/сутки | D29: Московская область, г. Одинцово, ул. Садовая, 24 | E29: Реконструкция | F29: 20.01.2028-29.11.2028 | G29: 47087 | H29: =K29 -> 77000 | I29: 0 | J29: Итого: | K29: =L29+M29+N29+O29+P29 -> 77000 | L29: 0 | M29: 0 | N29: =N30+N31 -> 77000 | O29: 0 | P29: 0 | Q29: 0 | R29: Администрация Одинцовского городского округа
I30: 0 | J30: Средстава бюджета Московской области | K30: =L30+M30+N30+O30+P30 -> 47894 | L30: 0 | M30: 0 | N30: 47894 | O30: 0 | P30: 0 | Q30: 0
I31: 0 | J31: Средства бюджета Одинцовского городского округа | K31: =L31+M31+N31+O31+P31 -> 29106 | L31: 0 | M31: 0 | N31: 29106 | O31: 0 | P31: 0 | Q31: 0
A32: 7 | B32: Реконструкция ВЗУ №9 Одинцовский городской округ | C32: 4080 куб.м/сутки | D32: Московская область, г.Одинцово, Подушкинское шоссе, 19 | E32: Реконструкция | F32: 20.01.2028-29.11.2028 | G32: 47087 | H32: =K32 -> 77000 | I32: 0 | J32: Итого: | K32: =L32+M32+N32+O32+P32 -> 77000 | L32: 0 | M32: 0 | N32: =N33+N34 -> 77000 | O32: 0 | P32: 0 | Q32: 0 | R32: Администрация Одинцовского городского округа
I33: 0 | J33: Средстава бюджета Московской области | K33: =L33+M33+N33+O33+P33 -> 47894 | L33: 0 | M33: 0 | N33: 47894 | O33: 0 | P33: 0 | Q33: 0
I34: 0 | J34: Средства бюджета Одинцовского городского округа | K34: =L34+M34+N34+O34+P34 -> 29106 | L34: 0 | M34: 0 | N34: 29106 | O34: 0 | P34: 0 | Q34: 0
A35: 8 | B35: Реконструкция ВЗУ №1 р.п. Большие Вяземы, Одинцовский г.о. | C35: 2150 куб.м/сутки | D35: Московская область, Одинцовский г.о., п.Большие Вяземы | E35: Реконструкция | F35: 20.01.2028-29.11.2028 | G35: 47087 | H35: =K35 -> 58000 | I35: 0 | J35: Итого | K35: =L35+M35+N35+O35+P35 -> 58000 | L35: 0 | M35: 0 | N35: =N36+N37 -> 58000 | O35: 0 | P35: 0 | Q35: 0 | R35: Администрация Одинцовского городского округа
I36: 0 | J36: Средства бюджета Московской области | K36: =L36+M36+N36+O36+P36 -> 36076 | L36: 0 | M36: 0 | N36: 36076 | O36: 0 | P36: 0 | Q36: 0
I37: 0 | J37: Средства бюджета Одинцовского городского округа | K37: =L37+M37+N37+O37+P37 -> 21924 | L37: 0 | M37: 0 | N37: 21924 | O37: 0 | P37: 0 | Q37: 0
A38: 9 | B38: Реконструкция ВЗУ -2 г.п. Большие Вяземы, Одинцовский г.о. | C38: 1750 тыс.куб.м/сутки | D38: Московская область, Одинцовский г.о., п.Большие Вяземы | E38: Реконструкция | F38: 20.01.2028-29.11.2028 | G38: 47087 | H38: =K38 -> 70150.33 | I38: 0 | J38: Итого | K38: =L38+M38+N38+O38+P38 -> 70150.33 | L38: 0 | M38: 0 | N38: =N39+N40 -> 70150.33 | O38: 0 | P38: 0 | Q38: 0 | R38: Администрация Одинцовского городского округа
I39: 0 | J39: Средства бюджета Московской области | K39: =L39+M39+N39+O39+P39 -> 43633.5 | L39: 0 | M39: 0 | N39: 43633.5 | O39: 0 | P39: 0 | Q39: 0
I40: 0 | J40: Средства бюджета Одинцовского городского округа | K40: =L40+M40+N40+O40+P40 -> 26516.83 | L40: 0 | M40: 0 | N40: 26516.83 | O40: 0 | P40: 0 | Q40: 0
A41: 10 | B41: Реконструкция водозаборного узла на территории пос. Барвиха (в т.ч. ПИР) | C41: 3500 куб.м/сутки | D41: Московская область, Одинцовский г.о., пос. Барвиха | E41: Реконструкция (в т.ч. проектные и изыскательские работы) | F41: 20.01.2026-29.11.2028 | G41: 47087 | H41: =K41 -> 255000 | I41: =I42+I43 -> 0 | J41: Итого: | K41: =L41+M41+N41+O41+P41 -> 255000 | L41: =L42+L43 -> 0 | M41: =M42+M43 -> 72743.58 | N41: =N42+N43 -> 182256.42 | O41: 0 | P41: 0 | Q41: 0 | R41: Администрация Одинцовского городского округа
I42: 0 | J42: Средстава бюджета Московской области | K42: =L42+M42+N42+O42+P42 -> 159119.99 | L42: 0 | M42: =113728-68336.01 -> 45391.99 | N42: 113728 | O42: 0 | P42: 0 | Q42: 0
I43: 0 | J43: Средства бюджета Одинцовского городского округа | K43: =L43+M43+N43+O43+P43 -> 95880.01 | L43: 0 | M43: =68528.42-41176.83 -> 27351.59 | N43: =68528.42 -> 68528.42 | O43: 0 | P43: 0 | Q43: 0
A44: 11 | B44: Строительство водозаборного узла, расположенного по адресу: Московская область, Одинцовский г.о., д. Хлюпино. (в т.ч. ПИР) | C44: 600 куб.м/сутки | D44: Московская область, Одинцовский г.о., д. Хлюпино | E44: Строительство (в т.ч. проектные и изыскательские работы) | F44: 20.01.2025-29.11.2027 | G44: 46721 | H44: 190859.14 | I44: =I45+I46 -> 42662.874 | J44: Итого: | K44: =L44+M44+N44+O44+P44 -> 148196.25 | L44: =L45+L46 -> 27337.11 | M44: =M45+M46 -> 120859.14 | N44: =N45+N46 -> 0 | O44: 0 | P44: 0 | Q44: 0 | R44: Администрация Одинцовского городского округа
I45: 26621.631 | J45: Средстава бюджета Московской области | K45: =L45+M45+N45+O45+P45 -> 92474.45 | L45: 17058.36 | M45: 75416.09 | N45: 0 | O45: 0 | P45: 0 | Q45: 0
I46: 16041.243 | J46: Средства бюджета Одинцовского городского округа | K46: =L46+M46+N46+O46+P46 -> 55721.8 | L46: 10278.75 | M46: 45443.05 | N46: 0 | O46: 0 | P46: 0 | Q46: 0
A47: 12 | B47: Строительство ВЗУ и водопровода в п. Усово-Тупик Одинцовский г.о. (в т.ч.ПИР) | C47: 700 куб.м/сутки | D47: Московская область, Одинцовский г.о., п. Усово-Тупик | E47: Строительство (в т.ч. проектные и изыскательские работы) | F47: 20.01.2027-29.11.2028 | G47: 47087 | H47: 385000 | I47: =I48+I49 -> 0 | J47: Итого: | K47: =L47+M47+N47+O47+P47 -> 385000 | L47: 0 | M47: =M48+M49 -> 35000 | N47: =N48+N49 -> 350000 | O47: 0 | P47: 0 | Q47: 0 | R47: Администрация Одинцовского городского округа
I48: 0 | J48: Средстава бюджета Московской области | K48: =L48+M48+N48+O48+P48 -> 238315 | L48: 0 | M48: 21665 | N48: 216650 | O48: 0 | P48: 0 | Q48: 0
I49: 0 | J49: Средства бюджета Одинцовского городского округа | K49: =L49+M49+N49+O49+P49 -> 146685 | L49: 0 | M49: 13335 | N49: 133350 | O49: 0 | P49: 0 | Q49: 0
A50: 13 | B50: Реконструкция ВЗУ -7 г.п. Одинцово Одинцовский г.о. | C50: 9400 куб.м/сутки | D50: Московская область, Одинцовский г.о., г. Одинцово, ул. Северная, 35 | E50: Реконструкция | F50: 20.01.2028-29.11.2028 | G50: 47087 | H50: =K50 -> 100000 | I50: 0 | J50: Итого | K50: =L50+M50+N50+O50+P50 -> 100000 | L50: 0 | M50: 0 | N50: =N51+N52 -> 100000 | O50: 0 | P50: 0 | Q50: 0 | R50: Администрация Одинцовского городского округа
I51: 0 | J51: Средства бюджета Московской области | K51: =L51+M51+N51+O51+P51 -> 62200 | L51: 0 | M51: 0 | N51: 62200 | O51: 0 | P51: 0 | Q51: 0
I52: 0 | J52: Средства бюджета Одинцовского городского округа | K52: =L52+M52+N52+O52+P52 -> 37800 | L52: 0 | M52: 0 | N52: 37800 | O52: 0 | P52: 0 | Q52: 0
A53: 14 | B53: Реконструкция ВЗУ с инженерными коммуникациями (насосная станция 2-ого подъема), расположенного по адресу: Одинцовский г.о., п. ВНИИССОК, ул. Дружбы, стр.1/1) | C53: 1480 куб.м/сутки | D53: Московская область, Одинцовский г.о., п. ВНИИССОК, ул. Дружбы, стр.1/1 | E53: Реконструкция | F53: 20.01.2025-29.11.2028 | G53: 47087 | H53: 1207301.2 | I53: =I54+I55 -> 12818.707 | J53: Итого: | K53: =L53+M53+N53+O53+P53 -> 1194482.4 | L53: =L54+L55 -> 96139.87 | M53: =M54+M55 -> 523650.11 | N53: =N54+N55 -> 574692.47 | O53: 0 | P53: 0 | Q53: 0 | R53: Администрация Одинцовского городского округа
I54: 12690.519 | J54: Средстава бюджета Московской области | K54: =L54+M54+N54+O54+P54 -> 759717.31 | L54: =119760.3-52411.17 -> 67349.13 | M54: =437042.24-104044 -> 332998.24 | N54: =202914.77+104044+52411.17 -> 359369.94 | O54: 0 | P54: 0 | Q54: 0
I55: 128.1882 | J55: Средства бюджета Одинцовского городского округа | K55: =L55+M55+N55+O55+P55 -> 434765.14 | L55: =51195.72-22404.98 -> 28790.74 | M55: =255882.95-65231.08 -> 190651.87 | N55: =127686.47+65231.08+22404.98 -> 215322.53 | O55: 0 | P55: 0 | Q55: 0
A56: 15 | B56: Реконструкция ВЗУ Н.Ромашково Одинцовский г.о. | C56: 1200 куб.м/сутки | D56: Московская область, Одинцовский г.о.,с. Ромашково | E56: Реконструкция | F56: 20.01.2028-29.11.2028 | G56: 47087 | H56: =K56 -> 25496.73 | I56: 0 | J56: Итого | K56: =L56+M56+N56+O56+P56 -> 25496.73 | L56: 0 | M56: 0 | N56: =N57+N58 -> 25496.73 | O56: 0 | P56: 0 | Q56: 0 | R56: Администрация Одинцовского городского округа
I57: 0 | J57: Средства бюджета Московской области | K57: =L57+M57+N57+O57+P57 -> 15858.96 | L57: 0 | M57: 0 | N57: 15858.96 | O57: 0 | P57: 0 | Q57: 0
I58: 0 | J58: Средства бюджета Одинцовского городского округа | K58: =L58+M58+N58+O58+P58 -> 9637.77 | L58: 0 | M58: 0 | N58: 9637.77 | O58: 0 | P58: 0 | Q58: 0
A59: 16 | B59: Водопроводная сеть с реконструкцией водозаборного узла "Верхнее Ромашково" по адресу: Одинцовский г.о, с. Ромашково | C59: 200 куб.м/сутки | D59: Московская область, Одинцовский г.о.,с. Ромашково. ул. Ноздрюхина | E59: Реконструкция | F59: 20.01.2026-29.11.2027 | G59: 46721 | H59: =K59 -> 135364.22 | I59: 0 | J59: Итого | K59: =L59+M59+N59+O59+P59 -> 135364.22 | L59: =L60+L61 -> 1480.96 | M59: =M60+M61 -> 133883.26 | N59: =N60+N61 -> 0 | O59: 0 | P59: 0 | Q59: 0 | R59: Администрация Одинцовского городского округа
I60: 0 | J60: Средства бюджета Московской области | K60: =L60+M60+N60+O60+P60 -> 84339.88 | L60: 1466.15 | M60: 82873.73 | N60: 0 | O60: 0 | P60: 0 | Q60: 0
I61: 0 | J61: Средства бюджета Одинцовского городского округа | K61: =L61+M61+N61+O61+P61 -> 51024.34 | L61: 14.81 | M61: 51009.53 | N61: 0 | O61: 0 | P61: 0 | Q61: 0
A62: 17 | B62: Реконструкция ВЗУ ПМС-4 п.Часцовское г.о. Одинцовский | C62: 200 куб.м/сутки | D62: Московская область, Одинцовский г.о., п.ПМС-4 | E62: Реконструкция | F62: 20.01.2028-29.11.2028 | G62: 47087 | H62: =K62 -> 22000 | I62: 0 | J62: Итого | K62: =L62+M62+N62+O62+P62 -> 22000 | L62: 0 | M62: 0 | N62: =N63+N64 -> 22000 | O62: 0 | P62: 0 | Q62: 0 | R62: Администрация Одинцовского городского округа
I63: 0 | J63: Средства бюджета Московской области | K63: =L63+M63+N63+O63+P63 -> 13684 | L63: 0 | M63: 0 | N63: 13684 | O63: 0 | P63: 0 | Q63: 0
I64: 0 | J64: Средства бюджета Одинцовского городского округа | K64: =L64+M64+N64+O64+P64 -> 8316 | L64: 0 | M64: 0 | N64: 8316 | O64: 0 | P64: 0 | Q64: 0
A65: 18 | B65: Реконструкция ВЗУ-8 г.п. Одинцово Одинцовский г.о. | C65: 4080 куб.м/сутки | D65: Московская область, Одинцовский г.о., г. Одинцово, ул. Ново-Спортивная, д.22 | E65: Реконструкция | F65: 20.01.2028-29.11.2028 | G65: 47087 | H65: =K65 -> 99274.51 | I65: 0 | J65: Итого | K65: =L65+M65+N65+O65+P65 -> 99274.51 | L65: 0 | M65: 0 | N65: =N66+N67 -> 99274.51 | O65: 0 | P65: 0 | Q65: 0 | R65: Администрация Одинцовского городского округа
I66: 0 | J66: Средства бюджета Московской области | K66: =L66+M66+N66+O66+P66 -> 61748.74 | L66: 0 | M66: 0 | N66: 61748.74 | O66: 0 | P66: 0 | Q66: 0
I67: 0 | J67: Средства бюджета Одинцовского городского округа | K67: =L67+M67+N67+O67+P67 -> 37525.77 | L67: 0 | M67: 0 | N67: 37525.77 | O67: 0 | P67: 0 | Q67: 0
A68: 19 | B68: Реконструкция ВЗУ, производительностью 1 265 м3/сут деревни Липки, стр. 126, Московская область со строительством водоводов (в т.ч. ПИР) | C68: 1265 куб.м/сутки | D68: Московская область, Одинцовский г.о., деревня Липки | E68: Реконструкция (в т.ч. проектные и изыскательские работы) | F68: 20.01.2026-29.11.2028 | G68: 47087 | H68: =K68 -> 128921.21 | I68: 0 | J68: Итого | K68: =L68+M68+N68+O68+P68 -> 128921.21 | L68: =L69+L70 -> 12892.13 | M68: =M69+M70 -> 90244.85 | N68: =N69+N70 -> 25784.23 | O68: 0 | P68: 0 | Q68: 0 | R68: Администрация Одинцовского городского округа
I69: 0 | J69: Средства бюджета Московской области | K69: =L69+M69+N69+O69+P69 -> 80188.98 | L69: =24056.69-16037.79 -> 8018.9 | M69: 56132.29 | N69: 16037.79 | O69: 0 | P69: 0 | Q69: 0
I70: 0 | J70: Средства бюджета Одинцовского городского округа | K70: =L70+M70+N70+O70+P70 -> 48732.23 | L70: =14619.67-9746.44 -> 4873.23 | M70: 34112.56 | N70: 9746.44 | O70: 0 | P70: 0 | Q70: 0
A71: 20 | B71: Реконструкция ВЗУ п.д.х. Жуковка-1, устройство (бурение) дополнительной скважины, увеличение РЧВ до 1560 куб. м., модернизация станции 2 подъема, модернизация станции водоочистки и обезжелезивания ( в т.ч. ПИР) | C71: 1560 куб.м/сутки | D71: Московская область, Одинцовский г.о., п.д.х. Жуковка-1 | E71: Реконструкция (в т.ч. проектные и изыскательские работы) | F71: 20.01.2027-29.11.2029 | G71: 47452 | H71: =K71 -> 422200 | I71: 0 | J71: Итого | K71: =L71+M71+N71+O71+P71 -> 422200 | L71: 0 | M71: =M72+M73 -> 35895.18 | N71: =N72+N73 -> 126660 | O71: =O72+O73 -> 259644.82 | P71: 0 | Q71: 0 | R71: Администрация Одинцовского городского округа
I72: 0 | J72: Средства бюджета Московской области | K72: =L72+M72+N72+O72+P72 -> 262608.4 | L72: 0 | M72: 22326.8 | N72: 78782.52 | O72: 161499.08 | P72: 0 | Q72: 0
I73: 0 | J73: Средства бюджета Одинцовского городского округа | K73: =L73+M73+N73+O73+P73 -> 159591.6 | L73: 0 | M73: 13568.38 | N73: 47877.48 | O73: 98145.74 | P73: 0 | Q73: 0
A74: Итого по мероприятию 02.01. | J74: Итого | K74: =L74+M74+N74+O74+P74 -> 3646601 | L74: =L14+L17+L20+L23+L26+L29+L32+L35+L38+L41+L44+L47+L50+L53+L56+L59+L62+L65+L68+L71 -> 219046.8 | M74: =M14+M17+M20+M23+M26+M29+M32+M35+M38+M41+M44+M47+M50+M53+M56+M59+M62+M65+M68+M71 -> 1012276.1 | N74: =N14+N17+N20+N23+N26+N29+N32+N35+N38+N41+N44+N47+N50+N53+N56+N59+N62+N65+N68+N71 -> 2155633.3 | O74: =O14+O17+O20+O23+O26+O29+O32+O35+O38+O41+O44+O47+O50+O53+O56+O59+O62+O65+O68+O71 -> 259644.82 | P74: =P14+P17+P20+P23+P26+P29+P32+P35+P38+P41+P44+P47+P50+P53+P56+P59+P62+P65+P68+P71 -> 0 | Q74: =Q14+Q17+Q20+Q23+Q26+Q29+Q32+Q35+Q38+Q41+Q44+Q47+Q50+Q53+Q56+Q59+Q62+Q65 -> 0
J75: Средства бюджета Московской области | K75: =L75+M75+N75+O75+P75 -> 2281644.2 | L75: =L15+L18+L21+L24+L27+L30+L33+L36+L39+L42+L45+L48+L51+L54+L57+L60+L63+L66+L69+L72 -> 141311.43 | M75: =M15+M18+M21+M24+M27+M30+M33+M36+M39+M42+M45+M48+M51+M54+M57+M60+M63+M66+M69+M72 -> 636804.14 | N75: =N15+N18+N21+N24+N27+N30+N33+N36+N39+N42+N45+N48+N51+N54+N57+N60+N63+N66+N69+N72 -> 1342029.6 | O75: =O15+O18+O21+O24+O27+O30+O33+O36+O39+O42+O45+O48+O51+O54+O57+O60+O63+O66+O69+O72 -> 161499.08 | P75: =P15+P18+P21+P24+P27+P30+P33+P36+P39+P42+P45+P48+P51+P54+P57+P60+P63+P66+P69+P72 -> 0 | Q75: =Q15+Q18+Q21+Q24+Q27+Q30+Q33+Q36+Q39+Q42+Q45+Q48+Q51+Q54+Q57+Q60+Q63+Q66 -> 0
J76: Средства бюджета Одинцовского городского округа | K76: =L76+M76+N76+O76+P76 -> 1364956.8 | L76: =L16+L19+L22+L25+L28+L31+L34+L37+L40+L43+L46+L49+L52+L55+L58+L61+L64+L67+L70+L73 -> 77735.37 | M76: =M16+M19+M22+M25+M28+M31+M34+M37+M40+M43+M46+M49+M52+M55+M58+M61+M64+M67+M70+M73 -> 375471.98 | N76: =N16+N19+N22+N25+N28+N31+N34+N37+N40+N43+N46+N49+N52+N55+N58+N61+N64+N67+N70+N73 -> 813603.68 | O76: =O16+O19+O22+O25+O28+O31+O34+O37+O40+O43+O46+O49+O52+O55+O58+O61+O64+O67+O70+O73 -> 98145.74 | P76: =P16+P19+P22+P25+P28+P31+P34+P37+P40+P43+P46+P49+P52+P55+P58+P61+P64+P67+P70+P73 -> 0 | Q76: =Q16+Q19+Q22+Q25+Q28+Q31+Q34+Q37+Q40+Q43+Q46+Q49+Q52+Q55+Q58+Q61+Q64+Q67 -> 0
A77: Мероприятие 02.02. Капитальный ремонт, приобретение, монтаж и ввод в эксплуатацию объектов водоснабжения муниципальной собственности
A78: 1 | B78: Приобретение, монтаж и ввод в эксплуатацию станции водоочистки на ВЗУ в дер.Липки г.о. Одинцовский | C78: 340 куб.м/сутки | D78: Московская область, Одинцовский г.о., д. Липки | E78: Приобретение, монтаж и ввод в эксплуатацию | F78: 20.01.2026-29.06.2026 | G78: 46203 | H78: =K78 -> 104516.67 | I78: =I79+I80 -> 0 | J78: Итого: | K78: =L78+M78+N78+O78+P78 -> 104516.67 | L78: =L79+L80 -> 104516.67 | M78: =M79+M80 -> 0 | N78: =N79+N80 -> 0 | O78: =O79+O80 -> 0 | P78: =P79+P80 -> 0 | Q78: 0 | R78: Администрация Одинцовского городского округа
I79: 0 | J79: Средстава бюджета Московской области | K79: =L79+M79+N79+O79+P79 -> 103471.5 | L79: 103471.5 | M79: 0 | N79: 0 | O79: 0 | P79: 0 | Q79: 0
I80: 0 | J80: Средства бюджета Одинцовского городского округа | K80: =L80+M80+N80+O80+P80 -> 1045.17 | L80: 1045.17 | M80: 0 | N80: 0 | O80: 0 | P80: 0 | Q80: 0
A81: 2 | B81: Приобретение, монтаж и ввод в эксплуатацию станции водоочистки Ликино г.о. Одинцовский | C81: 350 куб.м/сутки | D81: Московская область, Одинцовский г.о., д. Ликино | E81: Приобретение, монтаж и ввод в эксплуатацию | F81: 20.01.2026-29.11.2027 | G81: 46721 | H81: =K81 -> 80000 | I81: =I82+I83 -> 0 | J81: Итого: | K81: =L81+M81+N81+O81+P81 -> 80000 | L81: =L82+L83 -> 40000 | M81: =M82+M83 -> 40000 | N81: =N82+N83 -> 0 | O81: =O82+O83 -> 0 | P81: =P82+P83 -> 0 | Q81: 0 | R81: Администрация Одинцовского городского округа
I82: 0 | J82: Средстава бюджета Московской области | K82: =L82+M82+N82+O82+P82 -> 49760 | L82: 24880 | M82: 24880 | N82: 0 | O82: 0 | P82: 0 | Q82: 0
I83: 0 | J83: Средства бюджета Одинцовского городского округа | K83: =L83+M83+N83+O83+P83 -> 30240 | L83: 15120 | M83: 15120 | N83: 0 | O83: 0 | P83: 0 | Q83: 0
A84: 3 | B84: Приобретение, монтаж и ввод в эксплуатацию блочно-модульного оборудования на ВЗУ мощностью 600 куб.м/сут. по адресу: Московская область, Одинцовский г.о., пос. ПМС-4 | C84: 600 куб.м/сутки | D84: Московская область, Одинцовский г.о., пос. ПМС-4 | E84: Приобретение, монтаж и ввод в эксплуатацию | F84: 20.01.2027-29.11.2027 | G84: 46721 | H84: =K84 -> 108340 | I84: =I85+I86 -> 0 | J84: Итого: | K84: =L84+M84+N84+O84+P84 -> 108340 | L84: =L85+L86 -> 0 | M84: =M85+M86 -> 108340 | N84: =N85+N86 -> 0 | O84: =O85+O86 -> 0 | P84: =P85+P86 -> 0 | Q84: 0 | R84: Администрация Одинцовского городского округа
I85: 0 | J85: Средстава бюджета Московской области | K85: =L85+M85+N85+O85+P85 -> 67387.48 | L85: 0 | M85: 67387.48 | N85: 0 | O85: 0 | P85: 0 | Q85: 0
I86: 0 | J86: Средства бюджета Одинцовского городского округа | K86: =L86+M86+N86+O86+P86 -> 40952.52 | L86: 0 | M86: 40952.52 | N86: 0 | O86: 0 | P86: 0 | Q86: 0
A87: 4 | B87: Поставка и монтаж оборудования станции обезжелезивания производительностью 600 м куб/сут на ВЗУ п. Покровский городок | C87: 600 м куб/сут | D87: Московская область, Одинцовский г.о., п. Покровский городок | E87: Поставка и монтаж оборудования | F87: 20.01.2027-29.11.2027 | G87: 46721 | H87: =K87 -> 229600 | I87: 0 | J87: Итого | K87: =L87+M87+N87+O87+P87 -> 229600 | L87: =L88+L89 -> 0 | M87: =M88+M89 -> 229600 | N87: 0 | O87: 0 | P87: 0 | Q87: 0 | R87: Администрация Одинцовского городского округа
I88: 0 | J88: Средства бюджета Московской области | K88: =L88+M88+N88+O88+P88 -> 142811.2 | L88: 0 | M88: 142811.2 | N88: 0 | O88: 0 | P88: 0 | Q88: 0
I89: 0 | J89: Средства бюджета Одинцовского городского округа | K89: =L89+M89+N89+O89+P89 -> 86788.8 | L89: 0 | M89: 86788.8 | N89: 0 | O89: 0 | P89: 0 | Q89: 0
A90: 5 | B90: Поставка и монтаж дополнительного оборудования на станцию обезжелезивания №9 г. Одинцово | C90: 2500 куб.м/сутки | D90: Московская область, г. Одинцово | E90: Поставка и монтаж оборудования | F90: 20.01.2027-29.11.2027 | G90: 46356 | H90: =K90 -> 104550 | I90: 0 | J90: Итого | K90: =L90+M90+N90+O90+P90 -> 104550 | L90: =L91+L92 -> 0 | M90: =M92+M91 -> 104550 | N90: 0 | O90: 0 | P90: 0 | Q90: 0 | R90: Администрация Одинцовского городского округа
I91: 0 | J91: Средства бюджета Московской области | K91: =L91+M91+N91+O91+P91 -> 65030.1 | L91: 0 | M91: 65030.1 | N91: 0 | O91: 0 | P91: 0 | Q91: 0
I92: 0 | J92: Средства бюджета Одинцовского городского округа | K92: =L92+M92+N92+O92+P92 -> 39519.9 | L92: 0 | M92: 39519.9 | N92: 0 | O92: 0 | P92: 0 | Q92: 0
A93: 6 | B93: Приобретение, монтаж и ввод в эксплуатацию станции обезжелезивания, двух РЧВ и насосной станции второго подъема на ВЗУ д. Маслово Одинцовский г.о. | C93: 1,28 тыс.куб.м/сут. | D93: Московская область, д. Маслово | E93: Приобретение, монтаж и ввод в эксплуатацию | F93: 15.07.2026-29.11.2027 | G93: 46721 | H93: =K93 -> 111750.9 | I93: 0 | J93: Итого | K93: =L93+M93+N93+O93+P93 -> 111750.9 | L93: =L94+L95 -> 33525.27 | M93: =M95+M94 -> 78225.63 | N93: 0 | O93: 0 | P93: 0 | Q93: 0 | R93: Администрация Одинцовского городского округа
I94: 0 | J94: Средства бюджета Московской области | K94: =L94+M94+N94+O94+P94 -> 69509.05 | L94: 20852.71 | M94: 48656.34 | N94: 0 | O94: 0 | P94: 0 | Q94: 0
I95: 0 | J95: Средства бюджета Одинцовского городского округа | K95: =L95+M95+N95+O95+P95 -> 42241.85 | L95: 12672.56 | M95: 29569.29 | N95: 0 | O95: 0 | P95: 0 | Q95: 0
A96: Итого по мероприятию 02.02. | J96: Итого | K96: =L96+M96+N96+O96+P96 -> 738757.57 | L96: =L78+L81+L84+L87+L90+L93 -> 178041.94 | M96: =M78+M81+M84+M87+M90+M93 -> 560715.63 | N96: =N78+N81+N84+N87+N90+N93 -> 0 | O96: =O78+O81+O84+O87+O90+O93 -> 0 | P96: =P78+P81+P84+P87+P90+P93 -> 0 | Q96: =Q78 -> 0
J97: Средства бюджета Московской области | K97: =L97+M97+N97+O97+P97 -> 497969.33 | L97: =L79+L82+L85+L88+L91+L94 -> 149204.21 | M97: =M79+M82+M85+M88+M91+M94 -> 348765.12 | N97: =N79+N82+N85+N88+N91+N94 -> 0 | O97: =O79+O82+O85+O88+O91+O94 -> 0 | P97: =P79+P82+P85+P88+P91+P94 -> 0 | Q97: =Q79 -> 0
J98: Средства бюджета Одинцовского городского округа | K98: =L98+M98+N98+O98+P98 -> 240788.24 | L98: =L80+L83+L86+L89+L92+L95 -> 28837.73 | M98: =M80+M83+M86+M89+M92+M95 -> 211950.51 | N98: =N80+N83+N86+N89+N92+N95 -> 0 | O98: =O80+O83+O86+O89+O92+O95 -> 0 | P98: =P80+P83+P86+P89+P92+P95 -> 0 | Q98: =Q80 -> 0
A99: Мероприятие 02.12. Строительство и реконструкция объектов водоснабжения муниципальной собственности за счет средств местного бюджета
A100: 1 | B100: Строительство водозаборного узла, расположенного по адресу: Московская область, Одинцовский г.о., д. Хлюпино. (в т.ч. ПИР) | C100: 600 куб.м/сутки | D100: Московская область, Одинцовский г.о., д. Хлюпино | E100: Технологическое приоединение | F100: 20.01.2025-29.11.2027 | G100: 46721 | H100: =K100 -> 59891.803 | I100: =I101 -> 0 | J100: Итого: | K100: =L100+M100+N100+O100+P100 -> 59891.803 | L100: =L101 -> 5000 | M100: =M101 -> 54891.803 | N100: =N101 -> 0 | O100: =O101 -> 0 | P100: =P101 -> 0 | Q100: =Q101 -> 0 | R100: Администрация Одинцовского городского округа
I101: 0 | J101: Средства бюджета Одинцовского городского округа | K101: =L101+M101+N101+O101+P101 -> 59891.803 | L101: 5000 | M101: 54891.803 | N101: 0 | O101: 0 | P101: 0 | Q101: 0
...

Sheet Капитальный ремонт
K1: Приложение 3 к постановлению
J2: Администрации Одинцовского городского округа Московской области от __________________ №________
K3: Приложение 3 к постановлению
E4: ПРОЕКТ | J4: Администрации Одинцовского городского округа Московской области от __________________ №________
A5: "Приложение 6 к муниципальной программе
A7: Адресный перечень по капитальному ремонту объектов инженерной инфраструктуры в рамках реализации мероприятий муниципальной программы Одинцовского городского округа Московской области «Развитие инженерной инфраструктуры и энергоэффективности»
A9: N п/п | B9: Мероприятие подпрограммы | C9: Срок исполнения мероприятия | D9: Источники финансирования | E9: Всего (тыс. руб.) | F9: Объем финансирования по годам (тыс. руб.) | K9: Ответственный за выполнение мероприятия программы
F10: 2026 год | G10: 2027 год | H10: 2028 год | I10: 2029 год | J10: 2030 год
A11: 1 | B11: 2 | C11: 3 | D11: 4 | E11: 5 | F11: 6 | G11: 7 | H11: 8 | I11: 9 | J11: 10 | K11: 11
A12: Подпрограмма 2 «Системы водоотведения»
A13: Мероприятие 01.02 - Капитальный ремонт, приобретение, монтаж и ввод в эксплуатацию объектов очистки сточных вод муниципальной собственности
B14: Итого по мероприятияю: | D14: Итого: | E14: =+E17 -> 212000 | F14: =F15+F16 -> 212000 | G14: =G15+G16 -> 0 | H14: =H15+H16 -> 0 | I14: =I15+I16 -> 0 | J14: =J15+J16 -> 0
D15: Средства бюджета Московской области | E15: =E18 -> 131864 | F15: =F18 -> 131864 | G15: =G18 -> 0 | H15: =H18 -> 0 | I15: =I18 -> 0 | J15: =J18 -> 0
D16: Средства бюджета Одинцовского городского округа | E16: =E19 -> 80136 | F16: =F19 -> 80136 | G16: =G19 -> 0 | H16: =H19 -> 0 | I16: =I19 -> 0 | J16: =J19 -> 0
A17: 1 | B17: Приобретение монтаж и ввод в эксплуатацию блочно-модульных очистных сооружений мощностью 350 м3/сут. по адресу: Московская область, Одинцовской г.о., д. Липки | C17: 20.01.2026-29.06.2026 | D17: Итого: | E17: =E19+E18 -> 212000 | F17: =F18+F19 -> 212000 | G17: =G19 -> 0 | H17: =H19 -> 0 | I17: 0 | J17: =J19 -> 0 | K17: Управление по строительству и модернизации объектов инженерной инфраструктуры
D18: Средства бюджета Московской области | E18: =I18+H18+G18+F18 -> 131864 | F18: 131864 | G18: 0 | H18: 0 | I18: 0 | J18: 0
D19: Средства бюджета Одинцовского городского округа | E19: =F19+G19+H19+I19+J19 -> 80136 | F19: 80136 | G19: 0 | H19: 0 | I19: 0 | J19: 0
A20: Мероприятие 01.13. Капитальный ремонт, приобретение, монтаж и ввод в эксплуатацию объектов очистки сточных вод муниципальной собственности за счет средств местного бюджета
B21: Итого по мероприятияю: | D21: Итого: | E21: =+E23 -> 47838 | F21: =+F23 -> 47838 | G21: =+G23 -> 0 | H21: =+H23 -> 0 | I21: =+I23 -> 0 | J21: =+J23 -> 0
D22: Средства бюджета Одинцовского городского округа | E22: =E24 -> 47838 | F22: =F24 -> 47838 | G22: =G24 -> 0 | H22: =H24 -> 0 | I22: =I24 -> 0 | J22: =J24 -> 0
A23: 1 | B23: Поставка и монтаж очистного сооружения биологической очистки хоз-бытовых стоков д. Фуньково | C23: 20.03.2026-31.12.2026 | D23: Итого: | E23: =E24 -> 47838 | F23: =F24 -> 47838 | G23: =G24 -> 0 | H23: =H24 -> 0 | I23: =I24 -> 0 | J23: =J24 -> 0 | K23: Управление по строительству и модернизации объектов инженерной инфраструктуры
D24: Средства бюджета Одинцовского городского округа | E24: =F24+G24+H24+I24+J24 -> 47838 | F24: 47838 | G24: 0 | H24: 0 | I24: 0 | J24: 0
A25: Подпрограмма 3 «Объекты теплоснабжения, инженерные коммуникации»
A26: Мероприятие 01.13 – Реализация мероприятий по капитальному ремонту объектов теплоснабжения (в том числе технологическое присоединение при переводе котельных с 3 на 2 категорию надежности электроснабжения)
B27: Итого по мероприятияю: | D27: Итого: | E27: =E28+E29 -> 10268.39 | F27: =F28+F29 -> 7061.11 | G27: =G28+G29 -> 3207.28 | H27: =H28+H29 -> 0 | I27: =I28+I29 -> 0 | J27: =J28+J29 -> 0
D28: Средства бюджета Московской области | E28: =E40+E31+E34+E37 -> 5108.62 | F28: =F40+F31+F34+F37 -> 3348.46 | G28: =G40+G31+G34+G37 -> 1760.16 | H28: =H40+H31+H34+H37 -> 0 | I28: =I40+I31+I34+I37 -> 0 | J28: =J40 -> 0
D29: Средства бюджета Одинцовского городского округа | E29: =E41+E32+E35+E38 -> 5159.77 | F29: =F32+F35+F38+F41 -> 3712.65 | G29: =G41+G32+G35+G38 -> 1447.12 | H29: =H41+H32+H35+H38 -> 0 | I29: =I41+I32+I35+I38 -> 0 | J29: =J41 -> 0
A30: 1 | B30: Перевод с 3 на 2 категорию надежности электроснабжения объекта: котельная, Одинцовский г.о., г. Звенигород, Нахабинское ш., д. 2 | C30: 18.11.2024-14.10.2027 | D30: Итого: | E30: =F30+G30+H30+I30+J30 -> 3207.28 | F30: =F31+F32 -> 0 | G30: =G31+G32 -> 3207.28 | H30: =H31+H32 -> 0 | I30: =I31+I32 -> 0 | J30: =J31+J32 -> 0 | K30: Управление по строительству и модернизации объектов инженерной инфраструктуры
D31: Средства бюджета Московской области | E31: =F31+G31+H31+I31+J31 -> 1760.16 | F31: 0 | G31: 1760.16 | H31: 0 | I31: 0 | J31: 0
D32: Средства бюджета Одинцовского городского округа | E32: =F32+G32+H32+I32+J32 -> 1447.12 | F32: 0 | G32: 1447.12 | H32: 0 | I32: 0 | J32: 0
A33: 2 | B33: Перевод с 3 на 2 категорию надежности электроснабжения объекта: котельная, Одинцовский г.о., г. Звенигород, Ветеранов проезд | C33: 18.11.2024-14.10.2026 | D33: Итого: | E33: =F33+G33+H33+I33+J33 -> 30.23 | F33: =F34+F35 -> 30.23 | G33: =G34+G35 -> 0 | H33: =H34+H35 -> 0 | I33: =I34+I35 -> 0 | J33: =J34+J35 -> 0 | K33: Управление по строительству и модернизации объектов инженерной инфраструктуры
D34: Средства бюджета Московской области | E34: =F34+G34+H34+I34+J34 -> 18.64 | F34: 18.64 | G34: 0 | H34: 0 | I34: 0 | J34: 0
D35: Средства бюджета Одинцовского городского округа | E35: =F35+G35+H35+I35+J35 -> 11.59 | F35: 11.59 | G35: 0 | H35: 0 | I35: 0 | J35: 0
A36: 3 | B36: Перевод с 3 на 2 категорию надежности электроснабжения объекта: котельная, Одинцовский г.о., г. Звенигород, ул. Лермонтова, 6 | C36: 18.11.2024-14.10.2026 | D36: Итого: | E36: =F36+G36+H36+I36+J36 -> 144.02 | F36: =F37+F38 -> 144.02 | G36: =G37+G38 -> 0 | H36: =H37+H38 -> 0 | I36: =I37+I38 -> 0 | J36: =J37+J38 -> 0 | K36: Управление по строительству и модернизации объектов инженерной инфраструктуры
D37: Средства бюджета Московской области | E37: =F37+G37+H37+I37+J37 -> 68.21 | F37: 68.21 | G37: 0 | H37: 0 | I37: 0 | J37: 0
D38: Средства бюджета Одинцовского городского округа | E38: =F38+G38+H38+I38+J38 -> 75.81 | F38: 75.81 | G38: 0 | H38: 0 | I38: 0 | J38: 0
A39: 4 | B39: Перевод с 3 на 2 категорию надежности электроснабжения объекта: котельная, Одинцовский г.о., г. Звенигород, ул. Ленина 30 | C39: 18.11.2024-14.10.2026 | D39: Итого: | E39: =F39+G39+H39+I39+J39 -> 6886.86 | F39: =F40+F41 -> 6886.86 | G39: =G40+G41 -> 0 | H39: =H40+H41 -> 0 | I39: =I40+I41 -> 0 | J39: =J40+J41 -> 0 | K39: Управление по строительству и модернизации объектов инженерной инфраструктуры
D40: Средства бюджета Московской области | E40: =F40+G40+H40+I40+J40 -> 3261.61 | F40: 3261.61 | G40: 0 | H40: 0 | I40: 0 | J40: 0
D41: Средства бюджета Одинцовского городского округа | E41: =F41+G41+H41+I41+J41 -> 3625.25 | F41: 3625.25 | G41: 0 | H41: 0 | I41: 0 | J41: 0
A42: Мероприятие 02.02 – Капитальный ремонт сетей водоснабжения, водоотведения
B43: Итого по мероприятияю: | D43: Итого: | E43: =E44+E45 -> 309321.32 | F43: =F44+F45 -> 294321.32 | G43: =G44+G45 -> 15000 | H43: =H44+H45 -> 0 | I43: =I44+I45 -> 0 | J43: =J44+J45 -> 0
D44: Средства бюджета Московской области | E44: =E47+E50+E53+E56+E59+E62 -> 193016.47 | F44: =F79+F47+F73+F76+F50+F53+F56++F62+F59 -> 183656.47 | G44: =G79+G47+G73+G76+G50+G53 -> 9360 | H44: =H79+H47+H73+H76+H50+H53 -> 0 | I44: =I79+I47+I73+I76+I50+I53 -> 0 | J44: =J79+J47+J73+J76+J50+J53 -> 0
D45: Средства бюджета Одинцовского городского округа | E45: =E48+E51+E54+E57+E60+E63 -> 116304.85 | F45: =F48+F51+F54+F57+F60+F63 -> 110664.85 | G45: =G48+G51+G54 -> 5640 | H45: =H48+H51+H54 -> 0 | I45: =I48+I51+I54 -> 0 | J45: =J48+J51+J54 -> 0
A46: 1 | B46: Капитальный ремонт сетей водоотведения от КНС 3 до КНС 12, п. Горки 10 (в т.ч. ПИР) | C46: 20.01.2024-29.11.2026 | D46: Итого: | E46: =F46+G46+H46+I46+J46 -> 167520.03 | F46: =F47+F48 -> 167520.03 | G46: =G47+G48 -> 0 | H46: =H47+H48 -> 0 | I46: =I47+I48 -> 0 | J46: =J47+J48 -> 0 | K46: Управление по строительству и модернизации объектов инженерной инфраструктуры
D47: Средства бюджета Московской области | E47: =F47+G47+H47+I47+J47 -> 104532.49 | F47: =6048.65+98483.84 -> 104532.49 | G47: 0 | H47: 0 | I47: 0 | J47: 0
D48: Средства бюджета Одинцовского городского округа | E48: =F48+G48+H48+I48+J48 -> 62987.54 | F48: =3644.7+59342.84 -> 62987.54 | G48: 0 | H48: 0 | I48: 0 | J48: 0
A49: 2 | B49: Капитальный ремонт сетей водоотведения п. Гарь-Покровское (в т.ч. ПИР) | C49: 20.01.2025-29.11.2027 | D49: Итого: | E49: =F49+G49+H49+I49+J49 -> 21346.65 | F49: =F50+F51 -> 6346.65 | G49: =G50+G51 -> 15000 | H49: =H50+H51 -> 0 | I49: =I50+I51 -> 0 | J49: =J50+J51 -> 0 | K49: Управление по строительству и модернизации объектов инженерной инфраструктуры
D50: Средства бюджета Московской области | E50: =F50+G50+H50+I50+J50 -> 13320.3 | F50: 3960.3 | G50: 9360 | H50: 0 | I50: 0 | J50: 0
D51: Средства бюджета Одинцовского городского округа | E51: =F51+G51+H51+I51+J51 -> 8026.35 | F51: 2386.35 | G51: 5640 | H51: 0 | I51: 0 | J51: 0
A52: 3 | B52: Капитальный ремонт сетей водоснабжения п. Покровский городок (в т.ч. ПИР) | C52: 20.01.2024-29.11.2026 | D52: Итого: | E52: =F52+G52+H52+I52+J52 -> 9621.69 | F52: =F53+F54 -> 9621.69 | G52: =G53+G54 -> 0 | H52: =H53+H54 -> 0 | I52: =I53+I54 -> 0 | J52: =J53+J54 -> 0 | K52: Управление по строительству и модернизации объектов инженерной инфраструктуры
D53: Средства бюджета Московской области | E53: =F53+G53+H53+I53+J53 -> 6003.93 | F53: 6003.93 | G53: 0 | H53: 0 | I53: 0 | J53: 0
D54: Средства бюджета Одинцовского городского округа | E54: =F54+G54+H54+I54+J54 -> 3617.76 | F54: 3617.76 | G54: 0 | H54: 0 | I54: 0 | J54: 0
A55: 4 | B55: Капитальный ремонт сетей водоснабжения п. Гарь-Покровское (в т.ч. ПИР) | C55: 20.01.2025-29.04.2026 | D55: Итого: | E55: =F55+G55+H55+I55+J55 -> 17755.7 | F55: =F56+F57 -> 17755.7 | G55: =G56+G57 -> 0 | H55: =H56+H57 -> 0 | I55: =I56+I57 -> 0 | J55: =J56+J57 -> 0 | K55: Управление по строительству и модернизации объектов инженерной инфраструктуры
D56: Средства бюджета Московской области | E56: =F56+G56+H56+I56+J56 -> 11079.55 | F56: =7031.8+4047.75 -> 11079.55 | G56: 0 | H56: 0 | I56: 0 | J56: 0
D57: Средства бюджета Одинцовского городского округа | E57: =F57+G57+H57+I57+J57 -> 6676.15 | F57: =4237.12+2439.03 -> 6676.15 | G57: 0 | H57: 0 | I57: 0 | J57: 0
A58: 5 | B58: Капитальный ремонт сетей водоснабжения п. Жуковка (в т.ч. ПИР) | C58: 20.01.2025-29.04.2026 | D58: Итого: | E58: =F58+G58+H58+I58+J58 -> 17681.01 | F58: =F59+F60 -> 17681.01 | G58: =G59+G60 -> 0 | H58: =H59+H60 -> 0 | I58: =I59+I60 -> 0 | J58: =J59+J60 -> 0 | K58: Управление по строительству и модернизации объектов инженерной инфраструктуры
D59: Средства бюджета Московской области | E59: =F59+G59+H59+I59+J59 -> 11032.95 | F59: 11032.95 | G59: 0 | H59: 0 | I59: 0 | J59: 0
D60: Средства бюджета Одинцовского городского округа | E60: =F60+G60+H60+I60+J60 -> 6648.06 | F60: 6648.06 | G60: 0 | H60: 0 | I60: 0 | J60: 0
A61: 6 | B61: Капитальный ремонт сетей водоснабжения п. Лесной городок (в т.ч. ПИР) | C61: 20.01.2025-31.08.2026 | D61: Итого: | E61: =F61+G61+H61+I61+J61 -> 75396.24 | F61: =F62+F63 -> 75396.24 | G61: =G62+G63 -> 0 | H61: =H62+H63 -> 0 | I61: =I62+I63 -> 0 | J61: =J62+J63 -> 0 | K61: Управление по строительству и модернизации объектов инженерной инфраструктуры
D62: Средства бюджета Московской области | E62: =F62+G62+H62+I62+J62 -> 47047.25 | F62: 47047.25 | G62: 0 | H62: 0 | I62: 0 | J62: 0
D63: Средства бюджета Одинцовского городского округа | E63: =F63+G63+H63+I63+J63 -> 28348.99 | F63: 28348.99 | G63: 0 | H63: 0 | I63: 0 | J63: 0
A64: Мероприятие 02.09. – Реализация мероприятий по капитальному ремонту сетей теплоснабжения на территории муниципальных образований
B65: Итого по мероприятияю: | D65: Итого: | E65: =E66+E67 -> 122318.31 | F65: =F69+F72+F76+F80+F84+F88+F92+F96+F100+F104+F108+F112+F116+F120+F124 -> 122318.31 | G65: =G66+G67 -> 0 | H65: =H66+H67 -> 0 | I65: =I69 -> 0 | J65: =J69+J72+J76+J80+J84+J88+J92+J96+J100+J104+J108+J112+J116+J120+J124 -> 0
D66: Средства бюджета Московской области | E66: =E70 -> 76326.63 | F66: =F70+F73+F77+F81+F85+F89+F93+F97+F101+F105+F109+F113+F117+F121+F125 -> 76326.63 | G66: =G70 -> 0 | H66: =H70 -> 0 | I66: =I70 -> 0 | J66: =J70+J73+J77+J81+J85+J89+J93+J97+J101+J105+J109+J113+J117+J121+J125 -> 0
D67: Средства бюджета Одинцовского городского округа | E67: =E71 -> 45991.68 | F67: =F71+F74+F78+F82+F86+F90+F94+F98+F102+F106+F110+F114+F118+F122+F126 -> 45991.68 | G67: =G71 -> 0 | H67: =H71 -> 0 | I67: =I71 -> 0 | J67: =J71+J74+J78+J82+J86+J90+J94+J98+J102+J106+J110+J114+J118+J122+J126 -> 0
D68: Внебюджетные источники | E68: 0 | F68: 0 | G68: 0 | H68: 0 | I68: 0 | J68: 0
A69: 1 | B69: Капитальный ремонт участков тепловых сетей по адресу: Московская область, Одинцовский г.о., санаторий им. Герцена (в т.ч. ПИР) | C69: 10.09.2024-14.10.2026 | D69: Итого: | E69: =F69+G69+H69+I69+J69 -> 122318.31 | F69: =F70+F71 -> 122318.31 | G69: =G70+G71 -> 0 | H69: =H70+H71 -> 0 | I69: =I70+I71 -> 0 | J69: =J70+J71 -> 0 | K69: Управление по строительству и модернизации объектов инженерной инфраструктуры
D70: Средства бюджета Московской области | E70: =F70+G70+H70+I70+J70 -> 76326.63 | F70: 76326.63 | G70: 0 | H70: 0 | I70: 0 | J70: 0
D71: Средства бюджета Одинцовского городского округа | E71: =F71+G71+H71+I71+J71 -> 45991.68 | F71: 45991.68 | G71: 0 | H71: 0 | I71: 0 | J71: 0
K72: ".
B74: Заместитель Главы Одинцовского городского округа | K74: М.В. Коротаев

Sheet Обеспечивающая подпрограмма
K1: Приложение 3 к постановлению
J2: Администрации Одинцовского городского округа Московской области от __________________ №________
K3: Приложение 4 к постановлению
J4: Администрации Одинцовского городского округа Московской области от __________________ №________
A5: "Приложение 7 к муниципальной программе
A7: Перечень мероприятий, реализуемых в рамках подпрограммы 7 «Обеспечивающая подпрограмма» муниципальной программы Одинцовского городского округа Московской области «Развитие инженерной инфраструктуры и энергоэффективности»
A9: N п/п | B9: Мероприятие подпрограммы | C9: Срок исполнения мероприятия | D9: Источники финансирования | E9: Всего (тыс. руб.) | F9: Объем финансирования по годам (тыс. руб.) | K9: Ответственный за выполнение мероприятия программы
F10: 2026 год | G10: 2027 год | H10: 2028 год | I10: 2029 год | J10: 2030 год
A11: 1 | B11: 2 | C11: 3 | D11: 4 | E11: 5 | F11: 6 | G11: 7 | H11: 8 | I11: 9 | J11: 10 | K11: 11
A12: Мероприятие 01.03. Организация в границах муниципального образования электро-, тепло-, газо- и водоснабжения населения, водоотведения, снабжения населения топливом
B13: Итого по мероприятияю: | D13: Итого: | E13: =E15+E14 -> 24495 | F13: =F14+F15 -> 17891 | G13: =G14+G15 -> 1651 | H13: =H14+H15 -> 1651 | I13: =I14+I15 -> 1651 | J13: =J14+J15 -> 1651
D14: Средства бюджета Одинцовского городского округа | E14: =E17+E19 -> 8995 | F14: =F17+F19 -> 2391 | G14: =G17+G19 -> 1651 | H14: =H17+H19 -> 1651 | I14: =I17+I19 -> 1651 | J14: =J17+J19 -> 1651
D15: Внебюджетные источники | E15: =E21+E23+E25+E27+E29+E31+E33+E35 -> 15500 | F15: =F29+F31+F33+F35+F21+F23+F25+F27 -> 15500 | G15: =G29+G31+G33+G35 -> 0 | H15: =H29+H31+H33+H35 -> 0 | I15: =I29+I31+I33+I35 -> 0 | J15: =J29+J31+J33+J35 -> 0
A16: 1 | B16: Поставка воды для водопроводных колонок общего пользования Одинцовского городского округа | C16: 01.01.2026-31.12.2026 | D16: Итого: | E16: =E17 -> 8255 | F16: =F17 -> 1651 | G16: =G17 -> 1651 | H16: =H17 -> 1651 | I16: =I17 -> 1651 | J16: =J17 -> 1651 | K16: Управление жилищно-коммунального хозяйства
D17: Средства бюджета Одинцовского городского округа | E17: =F17+G17+H17+I17+J17 -> 8255 | F17: 1651 | G17: 1651 | H17: 1651 | I17: 1651 | J17: 1651
A18: 2 | B18: Демонтаж, вывоз и утилизация опор | C18: 01.01.2026-31.12.2026 | D18: Итого: | E18: =E19 -> 740 | F18: =F19 -> 740 | G18: =G19 -> 0 | H18: =H19 -> 0 | I18: =I19 -> 0 | J18: =J19 -> 0 | K18: Управление жилищно-коммунального хозяйства
D19: Средства бюджета Одинцовского городского округа | E19: =F19+G19+H19+I19+J19 -> 740 | F19: 740 | G19: 0 | H19: 0 | I19: 0 | J19: 0
A20: 3 | B20: Строительство ливневых очистных сооружения (ЛОС), расположенных по адресу: Московская область, Одинцовский г.о., д. Маслово | C20: 01.07.2026-31.12.2026 | D20: Итого: | E20: =E21 -> 3400 | F20: =F21 -> 3400 | G20: =G21 -> 0 | H20: =H21 -> 0 | I20: =I21 -> 0 | J20: =J21 -> 0 | K20: Управление по строительству и модернизации объектов инженерной инфраструктуры
D21: Внебюджетные источники | E21: =F21+G21+H21+I21+J21 -> 3400 | F21: 3400 | G21: 0 | H21: 0 | I21: 0 | J21: 0
A22: 4 | B22: Строительство хозяйственно-питьевого водопровода, расположенного по адресу: Московская область, Одинцовский г.о., д. Маслово | C22: 01.07.2026-31.12.2026 | D22: Итого: | E22: =E23 -> 1200 | F22: =F23 -> 1200 | G22: =G23 -> 0 | H22: =H23 -> 0 | I22: =I23 -> 0 | J22: =J23 -> 0 | K22: Управление по строительству и модернизации объектов инженерной инфраструктуры
D23: Внебюджетные источники | E23: =F23+G23+H23+I23+J23 -> 1200 | F23: 1200 | G23: 0 | H23: 0 | I23: 0 | J23: 0
A24: 5 | B24: Строительство хозяйственно-фекальной канализации, расположенной по адресу: Московская область, Одинцовский г.о., д. Маслово | C24: 01.07.2026-31.12.2026 | D24: Итого: | E24: =E25 -> 1800 | F24: =F25 -> 1800 | G24: =G25 -> 0 | H24: =H25 -> 0 | I24: =I25 -> 0 | J24: =J25 -> 0 | K24: Управление по строительству и модернизации объектов инженерной инфраструктуры
D25: Внебюджетные источники | E25: =F25+G25+H25+I25+J25 -> 1800 | F25: 1800 | G25: 0 | H25: 0 | I25: 0 | J25: 0
A26: 6 | B26: Строительство канализационно-насосной станции (КНС), расположенной по адресу: Московская область, Одинцовский г.о., д. Маслово | C26: 01.07.2026-31.12.2026 | D26: Итого: | E26: =E27 -> 2300 | F26: =F27 -> 2300 | G26: =G27 -> 0 | H26: =H27 -> 0 | I26: =I27 -> 0 | J26: =J27 -> 0 | K26: Управление по строительству и модернизации объектов инженерной инфраструктуры
D27: Внебюджетные источники | E27: =F27+G27+H27+I27+J27 -> 2300 | F27: 2300 | G27: 0 | H27: 0 | I27: 0 | J27: 0
A28: 7 | B28: Строительство подземной электрической кабельной линии 0,4 кВ (ВРУ), расположенной по адресу: Московская область, Одинцовский г.о., д. Маслово | C28: 01.07.2026-31.12.2026 | D28: Итого: | E28: =E29 -> 1500 | F28: =F29 -> 1500 | G28: =G29 -> 0 | H28: =H29 -> 0 | I28: =I29 -> 0 | J28: =J29 -> 0 | K28: Управление по строительству и модернизации объектов инженерной инфраструктуры
D29: Внебюджетные источники | E29: =F29+G29+H29+I29+J29 -> 1500 | F29: 1500 | G29: 0 | H29: 0 | I29: 0 | J29: 0
A30: 8 | B30: Строительство электрического вводно-распределительного устройства 0,4 кВ (ВРУ), расположенного по адресу: Московская область, Одинцовский г.о., д. Маслово | C30: 01.07.2026-31.12.2026 | D30: Итого: | E30: =E31 -> 1100 | F30: =F31 -> 1100 | G30: =G31 -> 0 | H30: =H31 -> 0 | I30: =I31 -> 0 | J30: =J31 -> 0 | K30: Управление по строительству и модернизации объектов инженерной инфраструктуры
D31: Внебюджетные источники | E31: =F31+G31+H31+I31+J31 -> 1100 | F31: 1100 | G31: 0 | H31: 0 | I31: 0 | J31: 0
A32: 9 | B32: Установка слаботочного распределительного шкафа, расположенного по адресу: Московская область, Одинцовский г.о., д. Маслово | C32: 01.07.2026-31.12.2026 | D32: Итого: | E32: =E33 -> 1400 | F32: =F33 -> 1400 | G32: =G33 -> 0 | H32: =H33 -> 0 | I32: =I33 -> 0 | J32: =J33 -> 0 | K32: Управление по строительству и модернизации объектов инженерной инфраструктуры
D33: Внебюджетные источники | E33: =F33+G33+H33+I33+J33 -> 1400 | F33: 1400 | G33: 0 | H33: 0 | I33: 0 | J33: 0
A34: 10 | B34: Строительство газового распределительного пункта (ГПР), расположенного по адресу: Московская область, Одинцовский г.о., д. Маслово | C34: 01.07.2026-31.12.2026 | D34: Итого: | E34: =E35 -> 2800 | F34: =F35 -> 2800 | G34: =G35 -> 0 | H34: =H35 -> 0 | I34: =I35 -> 0 | J34: =J35 -> 0 | K34: Управление по строительству и модернизации объектов инженерной инфраструктуры
D35: Внебюджетные источники | E35: =F35+G35+H35+I35+J35 -> 2800 | F35: 2800 | G35: 0 | H35: 0 | I35: 0 | J35: 0
K36: ".
B37: Заместитель Главы Одинцовского городского округа | K37: М.В. Коротаев
